 Dungeon Crawl Stone Soup version 0.27.1-3-gb3d3a73c9e (webtiles) character file.

Game seed: 16642448232569435131

2235 MisterFreud the Magician (level 9, -2/62 (65) HPs)
             Began as a Gnoll Venom Mage on Oct 20, 2021.
             Slain by a manticore (10 damage)
             ... on level 6 of the Dungeon.
             The game lasted 00:16:25 (9294 turns).

MisterFreud the Magician (Gnoll Venom Mage)         Turns: 9294, Time: 00:16:25

HP:   -2/62 (65)    AC:  5    Str: 12    XL:     9   Next: 36%
MP:   11/18         EV: 13    Int: 17    God:
Gold: 17            SH:  0    Dex:  9    Spells: 12/21 levels left

rFire    . . .     SeeInvis .   w - +3 trident of Wariness {vorpal, rC+ rN+ Str+4 Dex-4}
rCold    + . .     Faith    .   (no shield)
rNeg     + . .     Spirit   .   a - +0 robe
rPois    .         Reflect  .   u - +0 hat
rElec    .         Harm     .   (no cloak)
rCorr    .         Rampage  .   l - +2 pair of gloves
Will     ++...                  (no boots)
Stlth    +++.......             (no amulet)
HPRegen  0.20/turn              m - ring of willpower
MPRegen  0.16/turn              h - ring of willpower

@: very slightly contaminated, lightly drained
A: fangs 1, strong nose, distributed training
a: no special abilities


You were on level 6 of the Dungeon.
You visited 1 branch of the dungeon, and saw 6 of its levels.

You collected 282 gold pieces.
You spent 265 gold pieces at shops.

Inventory:

Hand Weapons
 c - a +0 club
 d - a +0 dagger
 i - a +0 short sword of venom
 q - a +2 whip of venom
 w - the +3 trident of Wariness (weapon) {vorpal, rC+ rN+ Str+4 Dex-4}
   (You bought it in a shop on level 2 of the Dungeon)

   It inflicts extra damage upon your enemies.
   Str:       It affects your strength (+4).
   Dex:       It affects your dexterity (-4).
   rC:        It protects you from cold.
   rN:        It protects you from negative energy.
Armour
 a - a +0 robe (worn)
 l - a +2 pair of gloves (worn)
 t - +1 shadow dragon scales
 u - a +0 hat (worn)
Jewellery
 f - a ring of resist corrosion
 h - a ring of willpower (right hand)
 m - a ring of willpower (left hand)
Wands
 v - a wand of flame (18)
Scrolls
 b - 2 scrolls of enchant armour
 n - a scroll of acquirement {unknown}
 o - 3 scrolls of fog
 p - 2 scrolls of summoning {unknown}
 s - a scroll of teleportation
 x - a scroll of brand weapon {unknown}
 y - a scroll of enchant weapon {unknown}
Potions
 e - 2 potions of haste
 g - 2 potions of brilliance
 j - a potion of lignification {unknown}
 k - 3 potions of curing
 r - a potion of cancellation {unknown}


   Skills:
 + Level 4.1 Fighting
 + Level 4.1 Short Blades
 + Level 4.1 Long Blades
 + Level 4.1 Axes
 + Level 4.1 Maces & Flails
 + Level 4.1 Polearms
 + Level 4.1 Staves
 + Level 4.1 Slings
 + Level 4.1 Bows
 + Level 4.1 Crossbows
 + Level 4.1 Throwing
 + Level 4.1 Armour
 + Level 6.2 Dodging
 + Level 6.0 Stealth
 + Level 4.1 Shields
 + Level 4.1 Unarmed Combat
 + Level 6.6 Spellcasting
 + Level 3.4 Conjurations
 + Level 3.4 Hexes
 + Level 3.4 Summonings
 + Level 3.4 Necromancy
 + Level 3.4 Translocations
 + Level 4.1 Transmutations
 + Level 3.4 Fire Magic
 + Level 3.4 Ice Magic
 + Level 3.4 Air Magic
 + Level 3.4 Earth Magic
 + Level 6.5 Poison Magic
 + Level 4.6 Invocations
 + Level 4.1 Evocations


You had 12 spell levels left.
You knew the following spells:

 Your Spells              Type           Power      Damage    Failure   Level
a - Sting                 Tmut/Pois      92%        1d7       1%          1
b - Olgreb's Toxic Radia  Pois           27%        N/A       9%          4
c - Mephitic Cloud        Conj/Pois/Air  20%        N/A       6%          3
d - Animate Skeleton      Necr           34%        N/A       3%          1

Your spell library contained the following spells:

 Spells                   Type           Power      Damage    Failure   Level
 Poisonous Vapours        Pois/Air       44%        N/A       2%          2
 Apportation              Tloc           34%        N/A       3%          1
 Corona                   Hex            18%        N/A       3%          1
 Pain                     Necr           68%        1d7       3%          1
 Summon Small Mammal      Summ           68%        N/A       3%          1
 Vampiric Draining        Necr           8%         2d7       9%          3


Dungeon Overview and Level Annotations

Branches:
Dungeon (6/15)
 Temple: D:4-7

Altars:
Ashenzari
Cheibriados
Dithmenos
Hepliaklqana
Kikubaaqudgha
Makhleb
Okawaru
Qazlal
Trog
Vehumet
The Shining One

Shops:
D:2 ?((


Innate Abilities, Weirdness & Mutations

You have very sharp teeth.
Your uncanny sense of smell can sniff out nearby items.
Your experience applies equally to all skills.


Message History

Casting: Olgreb's Toxic Radiance (dangerous; 9% risk of failure)
Confirm with . or Enter, or press ? or * to list all spells.
You miscast Olgreb's Toxic Radiance.
You are very lightly contaminated with residual magic.
Nothing appears to happen.
The manticore bites you!
The manticore claws you but does no damage.
The manticore claws you.
Unknown command.
Unknown command.
Unknown command.
Casting: Olgreb's Toxic Radiance (dangerous; 9% risk of failure)
Confirm with . or Enter, or press ? or * to list all spells.
You begin to radiate toxic energy.
The manticore is poisoned.
The manticore looks even sicker.
The manticore barely misses you.
The manticore claws you but does no damage.
The manticore misses you.
Unknown command.
Unknown command.
Unknown command.
You hit the manticore.
The manticore is lightly wounded.
The manticore looks even sicker.
Your toxic aura wanes.
The manticore bites you. The manticore misses you. The manticore claws you.
You hit the manticore.
The manticore is moderately wounded.
The manticore bites you! The manticore claws you.
The manticore closely misses you.
You hit the manticore.
The manticore is heavily wounded.
The manticore barely misses you. The manticore claws you.
The manticore claws you but does no damage.
The manticore completely misses you. x2; The manticore claws you.
* * * LOW HITPOINT WARNING * * *
You hit the manticore.
The manticore is heavily wounded.
The manticore bites you!
* * * LOW HITPOINT WARNING * * *
The manticore claws you!
You die...

#...! #.. #≈≈≈### ###.≈
#..≈≈≈#### #####..≈≈
##....≈≈..#####.......≈
##≈≈....≈≈..........##.≈
.≈≈..≈≈≈.....##...####.≈
≈#..≈...########## #≈.
###..≈..## #.≈ .......@#
##≈ .......H# ##≈≈
######..# ##≈≈≈ #...
#≈≈≈≈ #... ≈≈≈≈≈≈ #...#
####### #...# ...##


You could see a manticore (very poisoned).

Vanquished Creatures
  Prince Ribbit (D:6)
  Eustachio (D:5)
  2 water moccasins (D:5)
  2 orc warriors
  2 black bears
  An ogre (D:4)
  A necrophage (D:4)
  A phantom (D:4)
  A gnoll sergeant (D:5)
  2 scorpions (D:6)
  2 wights (D:5)
  A howler monkey (D:6)
  3 hounds
  4 orc priests
  A centaur skeleton (D:5)
  3 iguanas
  Terence (D:3)
  Natasha (thrice) (D:4)
  3 orc wizards
  2 hound skeletons (D:5)
  4 gnolls (D:2)
  A howler monkey skeleton (D:4)
  8 adders
  A white imp (D:6)
  An ufetubus (D:5)
  4 worms
  3 dart slugs
  14 orcs
  15 ball pythons
  9 endoplasms
  A giant cockroach (D:3)
  10 goblins
  10 hobgoblins
  3 jackals (D:3)
  4 quokkas
  6 bats
  8 frilled lizards
  3 kobolds
  7 rats
149 creatures vanquished.

Notes
Turn   | Place    | Note
-------+----------+-------------------------------------------
     0 | D:1      | MisterFreud the Gnoll Venom Mage began the quest for the
                  | Orb.
     0 | D:1      | Reached XP level 1. HP: 13/13 MP: 6/6
   282 | D:1      | Reached XP level 2. HP: 19/19 MP: 4/7
   675 | D:1      | Reached XP level 3. HP: 25/25 MP: 7/9
   780 | D:1      | Reached skill level 5 in Spellcasting
  1432 | D:2      | Found Jupoc's Antique Weapon Boutique.
  1444 | D:2      | Reached skill level 1 in Invocations
  1450 | D:2      | Reached skill level 1 in Fighting
  1450 | D:2      | Reached skill level 1 in Short Blades
  1450 | D:2      | Reached skill level 1 in Long Blades
  1450 | D:2      | Reached skill level 1 in Axes
  1450 | D:2      | Reached skill level 1 in Maces & Flails
  1450 | D:2      | Reached skill level 1 in Polearms
  1450 | D:2      | Reached skill level 1 in Staves
  1450 | D:2      | Reached skill level 1 in Slings
  1450 | D:2      | Reached skill level 1 in Bows
  1450 | D:2      | Reached skill level 1 in Crossbows
  1450 | D:2      | Reached skill level 1 in Throwing
  1450 | D:2      | Reached skill level 1 in Armour
  1450 | D:2      | Reached skill level 1 in Shields
  1450 | D:2      | Reached skill level 1 in Unarmed Combat
  1450 | D:2      | Reached skill level 1 in Evocations
  1459 | D:2      | Reached XP level 4. HP: 19/32 MP: 3/11
  2008 | D:2      | Noticed a black bear
  2021 | D:2      | Learned a level 4 spell: Olgreb's Toxic Radiance
  2025 | D:2      | Learned a level 3 spell: Mephitic Cloud
  2058 | D:2      | Killed a black bear
  2059 | D:2      | Reached skill level 1 in Conjurations
  2059 | D:2      | Reached skill level 1 in Hexes
  2059 | D:2      | Reached skill level 1 in Summonings
  2059 | D:2      | Reached skill level 1 in Necromancy
  2059 | D:2      | Reached skill level 1 in Translocations
  2059 | D:2      | Reached skill level 1 in Fire Magic
  2059 | D:2      | Reached skill level 1 in Ice Magic
  2059 | D:2      | Reached skill level 1 in Air Magic
  2059 | D:2      | Reached skill level 1 in Earth Magic
  2059 | D:2      | Reached XP level 5. HP: 27/37 MP: 8/12
  2932 | D:2      | Reached XP level 6. HP: 44/44 MP: 13/13
  2941 | D:2      | Found Halab's Antique Weapon Shop.
  3015 | D:2      | Found Vimuagg's Magic Scroll Shop.
  3025 | D:2      | Bought a scroll of identify for 22 gold pieces
  3025 | D:2      | Bought a scroll of fog for 22 gold pieces
  3162 | D:3      | Noticed Terence
  3169 | D:3      | Killed Terence
  3474 | D:3      | Found a faded altar of an unknown god.
  3474 | D:3      | Noticed a sun demon
  3619 | D:3      | Found an iron altar of Okawaru.
  3619 | D:3      | Found a shadowy altar of Dithmenos.
  3626 | D:3      | Found a snail-covered altar of Cheibriados.
  3628 | D:3      | Found a faded altar of an unknown god.
  3630 | D:3      | Found a glowing golden altar of the Shining One.
  4371 | D:4      | Noticed Natasha
  4377 | D:4      | Killed Natasha
  4378 | D:4      | Reached skill level 5 in Dodging
  4424 | D:4      | Noticed a necrophage
  4450 | D:4      | Killed a necrophage
  4752 | D:4      | Noticed Natasha
  4764 | D:4      | Killed Natasha
  4765 | D:4      | Reached XP level 7. HP: 47/50 MP: 9/15
  5086 | D:4      | Noticed Natasha
  5094 | D:4      | Killed Natasha
  5174 | D:4      | Reached skill level 5 in Stealth
  6016 | D:5      | Entered Level 5 of the Dungeon
  6021 | D:4      | Learned a level 1 spell: Animate Skeleton
  6072 | D:5      | Reached XP level 8. HP: 57/57 MP: 11/16
  6128 | D:5      | Found an ancient bone altar of Kikubaaqudgha.
  6639 | D:5      | Found a bloodstained altar of Trog.
  6639 | D:5      | Found a hazy altar of Hepliaklqana.
  6639 | D:5      | Found a radiant altar of Vehumet.
  6639 | D:5      | Found a stormy altar of Qazlal.
  6639 | D:5      | Found a burning altar of Makhleb.
  6658 | D:6      | Noticed Prince Ribbit
  6671 | D:6      | Killed Prince Ribbit
  7147 | D:2      | Bought an ancient trident for 221 gold pieces
  7147 | D:2      | Identified the +3 trident of Wariness {vorpal, rC+ rN+
                  | Str+4 Dex-4} (You bought it in a shop on level 2 of the
                  | Dungeon)
  7533 | D:5      | Found a broken altar of Ashenzari.
  7565 | D:5      | Reached XP level 9. HP: 35/65 MP: 18/18
  7790 | D:5      | Noticed Eustachio
  7801 | D:5      | Killed Eustachio
  9284 | D:6      | Noticed a manticore
  9294 | D:6      | Slain by a manticore

Illustrated notes

Levels and vault maps discovered:
D:1:      dpeg_cavernosity, layout_basic
D:2:      layout_loops_corners, serial_shops, nicolae_lakefront_shop,
          shop_fountains, nicolae_shop_behind_doors, minmay_quantized
D:3:      layout_loops_corners, chequers_temple_overflow_minitemple,
          dreamdust_ecumenical_altar_sealed_demon, saegor_snake_ambush,
          uniq_terence
D:4:      layout_basic, st_stairs_1, minmay_checkerbox, uniq_natasha
D:5:      layout_basic, grunt_temple_overflow_open, kiku_gazebo_garden_becter,
          minmay_strange_pillars, sword_in_stone, uniq_eustachio
D:6:      layout_layer_cave, cheibrodos_sewer_entry_bend, serial_rivers,
          chequers_serial_rivers_large_a, chequers_serial_rivers_micro_b,
          chequers_serial_rivers_micro_d, chequers_serial_rivers_micro_a,
          chequers_serial_rivers_small_b, chequers_serial_rivers_micro_e,
          hangedman_decor_diamond_cutter, uniq_prince_ribbit1

Skill      XL: |  1  2  3  4  5  6  7  8  9 |
---------------+----------------------------+-----
Transmutations | 2 3 4 |  4.1
Spellcasting   | 5 6 |  6.6
Invocations    | 1 2 3 4 |  4.6
Fighting       | 1 2 3 4 |  4.1
Short Blades   | 1 2 3 4 |  4.1
Long Blades    | 1 2 3 4 |  4.1
Axes           | 1 2 3 4 |  4.1
Maces & Flails | 1 2 3 4 |  4.1
Polearms       | 1 2 3 4 |  4.1
Staves         | 1 2 3 4 |  4.1
Slings         | 1 2 3 4 |  4.1
Bows           | 1 2 3 4 |  4.1
Crossbows      | 1 2 3 4 |  4.1
Throwing       | 1 2 3 4 |  4.1
Armour         | 1 2 3 4 |  4.1
Shields        | 1 2 3 4 |  4.1
Unarmed Combat | 1 2 3 4 |  4.1
Evocations     | 1 2 3 4 |  4.1
Conjurations   | 1 2 3 |  3.4
Hexes          | 1 2 3 |  3.4
Summonings     | 1 2 3 |  3.4
Necromancy     | 1 2 3 |  3.4
Translocations | 1 2 3 |  3.4
Fire Magic     | 1 2 3 |  3.4
Ice Magic      | 1 2 3 |  3.4
Air Magic      | 1 2 3 |  3.4
Earth Magic    | 1 2 3 |  3.4
Dodging        | 5 6 |  6.2
Stealth        | 5 6 |  6.0
Poison Magic   | 6 |  6.5

Action                   |  1- 3 |  4- 6 |  7- 9 || total
-------------------------+-------+-------+-------++-------
Melee: Dagger            |    28 |    22 |       ||    50
       Short sword       |       |    37 |       ||    37
       Bite              |       |     6 |    15 ||    21
       Whip              |       |    38 |   137 ||   175
       Punch             |       |     1 |     1 ||     2
       Trident           |       |       |    78 ||    78
 Cast: Sting             |    36 |    35 |    40 ||   111
       Olgreb's Toxic Ra |       |     8 |    18 ||    26
  Use: Scroll            |       |     1 |     4 ||     5
       Potion            |       |       |     2 ||     2
 Stab: Sleeping          |     5 |    10 |     7 ||    22
       Distracted        |       |       |     1 ||     1
Armor: Robe              |     2 |    16 |    54 ||    72
Dodge: Dodged            |    31 |    65 |   145 ||   241
